 Dungeon Crawl Stone Soup version 0.15.2 (webtiles) character file.

63 the1qrp the Sneak (level 3, -2/18 HPs)
             Began as a Spriggan Assassin on Apr 7, 2015.
             Was an Initiate of Nemelex Xobeh.
             Slain by a worm (10 damage)
             ... on Level 2 of the Dungeon on May 4, 2015.
             The game lasted 00:25:52 (2212 turns).

the1qrp the Sneak (Spriggan Assassin)               Turns: 2212, Time: 00:25:52

HP  -2/18        AC  3     Str  7      XL: 3   Next: 89%
MP   6/6         EV 19     Int 12      God: Nemelex Xobeh [......]
Gold 97          SH  0     Dex 18      Spells:  0 memorised,  2 levels left

rFire  . . .     SeeInvis +     j - +0 spear
rCold  . . .     Clarity  .     c - +0 robe
rNeg   + . .     rCorr    .     (shield restricted)
rPois  .         rRot     .     (helmet restricted)
rElec  .         Spirit   .     d - +0 cloak
SustAb .         Warding  +     (gloves unavailable)
rMut   .         Stasis   .     (boots unavailable)
Gourm  .                        i - amulet of warding
MR     .....                    (no ring)
                                (no ring)

@: very quick, not resistant to hostile enchantments, stealthy
A: unfitting armour, see invisible, herbivore 3, speed 3, slow metabolism 2
a: Renounce Religion


You were on level 2 of the Dungeon.
You worshipped Nemelex Xobeh.
Nemelex Xobeh was noncommittal.
You were not hungry.

You visited 1 branch of the dungeon, and saw 2 of its levels.

You collected 97 gold pieces.

Inventory:

Hand weapons
 a - a +2 dagger
 b - a +0 blowgun
 j - a +0 spear (weapon)
Missiles
 e - 4 poisoned needles
 f - 2 curare-tipped needles
 p - 3 arrows of flame (quivered)
 u - 4 stones
Armour
 c - a +0 robe (worn)
 d - a +0 cloak (worn)
 l - a +0 robe
 n - a +0 scale mail
Comestibles
 m - a royal jelly
 r - a bread ration
Jewellery
 i - an amulet of warding (around neck)
Potions
 g - a potion of porridge
 h - 2 potions of restore abilities
 o - a potion of curing {unknown}
 q - a potion of mutation {unknown}
 s - a potion of invisibility
Miscellaneous
 t - a plain deck of war


   Skills:
 + Level 1.8 Fighting
 * Level 2.5 Short Blades
 * Level 2.9 Throwing
 + Level 3.2 Dodging
 * Level 6.6 Stealth


You had 2 spell levels left.
You didn't know any spells.

Dungeon Overview and Level Annotations

Branches:
Dungeon (2/15)

Altars:
Nemelex Xobeh
Yredelemnul
The Shining One


Innate Abilities, Weirdness & Mutations

You are tiny and cannot use many weapons and most armour.
You have supernaturally acute eyesight.
You are a herbivore.
You cover ground extremely quickly.
You need consume almost no food.


Message History

You toss away an arrow of flame.
The arrow of flame hits the worm but does no damage.
The worm is lightly wounded.
Tossing away (i - inventory. (,) - cycle):
p - 4 arrows of flame (quivered)
Press: ? - help, Shift-Dir - straight line, f/p - worm
Aim: a worm (lightly wounded)
You toss away an arrow of flame.
The arrow of flame hits the worm but does no damage.
The worm is lightly wounded.
You hit the worm.
The worm is moderately wounded.
The worm bites you.
You hit the worm.
The worm is moderately wounded.
You hit the worm.
The worm is heavily wounded.
The worm bites you!
Ouch! That really hurt!
You die...
Your body disappears without a glow.

.##.##..########...### #(.
.....### #..#...## #(# # . ..
#.####..# #.# #.# #. ##.#
##.######.# ..# #.# ####..#
#.#......# # #..## #....##
#...## #.# ## #..###)####
#....###.#
.######.....#########.##..##.#
................@w((...(...#(#
##.#####.####..##......##(.(.#
##..# #.# ##.........####..#
###.####.# ####......# ####
.........# #......# #####
......#### #......# ##A##
.......## #.<....# #####
........# #......# ##§.§#
........# #.(....##.##._.#


You could see a worm.

Vanquished Creatures
  2 adders (D:2)
  A worm (D:2)
  A giant gecko (D:1)
  An ooze (D:1)
  4 giant cockroaches
  4 hobgoblins
  2 jackals (D:2)
  4 kobolds
  A ball python (D:2)
  9 bats
  5 giant newts
  3 goblins
  A rat (D:2)
  2 fungi (D:2)
40 creatures vanquished.

Notes
Turn   | Place    | Note
--------------------------------------------------------------
     0 | D:1      | the1qrp, the Spriggan Assassin, began the quest for the Orb.
     0 | D:1      | Reached XP level 1. HP: 10/10 MP: 2/2
    72 | D:1      | Reached skill level 6 in Stealth
   321 | D:1      | Reached XP level 2. HP: 10/15 MP: 4/4
   955 | D:2      | Reached XP level 3. HP: 18/18 MP: 6/6
  1137 | D:2      | Found a glowing golden altar of the Shining One.
  1138 | D:2      | Noticed an angel
  1170 | D:2      | Found a basalt altar of Yredelemnul.
  1446 | D:2      | Noticed a profane servitor
  1617 | D:2      | Found a sparkling altar of Nemelex Xobeh.
  1801 | D:2      | Became a worshipper of Nemelex Xobeh the Trickster
  1846 | D:2      | Received a gift from Nemelex Xobeh
  2212 | D:2      | Slain by a worm

Action                   || total
-------------------------++-------
Melee: Dagger            ||   149
       Spear             ||    54
 Fire: Blowgun           ||     9
Throw: Stone             ||     4
  Use: Scroll            ||     5
 Stab: Sleeping          ||     3
